Unix NetHack Version 5.0.0-0 post-release - last build May 31 2026 23:59:36 (970b52f25bf058293b47ddfd14a1e40e571c508c,branch:main).

Game began 2026-06-07 18:36:32, ended 2026-06-07 18:44:16.

IanCurtis, chaotic male elven Wizard

                         -------
                         |.*...-##
                         |.....| #
                         -----|- #
                              #  ##
                              #   ###                   --------------
       ----------             #     ##                 #-.(![.?..%!.)|
       |...<....-#######     ##      #                 #|+%][%*)(]*?%|
       |........|      #     #       #   ----------    #|/%?%!?..![..|
       |........-#     ###   #       #   |........|    #|?[%...%?%...|
       ----------##      #####       #   |.....{..|   ##--------------
                  ##      ###        ####|........|   #
                   # -----.-#           #...f.....| ###
                   # |.....|##           |.@ii..>.-##
                   # |..*..| ############-........|
                   ##......|             ----------
                     |.....|
                     |.*...|
                     -------

IanCurtis the Conjurer    St:14 Dx:11 Co:11 In:17 Wi:13 Ch:11  Chaotic
Dlvl:2  $:14 HP:0(18) Pw:37(47) AC:8  Xp:4 T:1325 

Latest messages:
 You start chipping the statue.
 You hit the statue with all your might.
 The kitten drops a rock.
 The statue shatters.
 What do you want to wield? [- ad or ?*] a
 a - a blessed +1 quarterstaff (weapon in hands).
 You see here 54 rocks.
 Please move the cursor to a monster, object or location.
 (For instructions type a '?')
 That door is closed.
 The door resists!
 The door opens.
 You miss the iguana.
 You miss the iguana.
 The iguana bites!
 You miss the iguana.
 The iguana bites!
 You hit the iguana!
 The iguana turns to flee.
 You hit the iguana.
 You kill the iguana!
 You hit the manes.
 The kitten misses the manes.
 You destroy the manes!
 You see here a spellbook of light.
 The kitten bites the manes.
 The kitten misses the manes.
 You hit the manes.
 The kitten misses the manes.
 You destroy the manes!
 The kitten misses the manes.
 You miss the manes.
 The manes hits!
 The manes hits again!
 The manes bites!
 The kitten misses the manes.
 The kitten bites the manes.
 The manes misses the kitten.
 The manes misses the kitten.
 The manes misses the kitten.
 The kitten misses the manes.
 The kitten misses the manes.
 In what direction? l
 The spell misses the manes.
 The spell misses the manes.
 The manes hits!
 The manes hits again!
 The manes bites!
 You die...
 Do you want your possessions identified? [ynq] (y) q

Inventory:
 Coins    ('$')
  $ - 14 gold pieces
 Weapons  (')')
  a - a blessed +1 quarterstaff (weapon in hands)
 Armor    ('[')
  q - an uncursed +0 orcish helm (being worn)
  b - an uncursed +0 cloak of magic resistance (being worn)
 Comestibles  ('%')
  A - an uncursed cram ration
  C - an uncursed food ration
 Scrolls  ('?')
  p - an uncursed scroll of confuse monster
  j - an uncursed scroll of destroy armor
  k - an uncursed scroll of identify
  i - an uncursed scroll of light
  H - an uncursed scroll of remove curse
 Spellbooks  ('+')
  l - a blessed spellbook of force bolt
  m - an uncursed spellbook of wizard lock
 Potions  ('!')
  g - an uncursed potion of levitation
  h - an uncursed potion of water
  f - a potion of unholy water
 Rings    ('=')
  v - an uncursed ring of polymorph control
  e - an uncursed ring of see invisible
  E - an uncursed ring of sustain ability
 Wands    ('/')
  c - a wand of magic missile (0:8)
  D - a wand of magic missile (0:5)
 Tools    ('(')
  o - an uncursed wooden harp
  n - a magic marker (0:22)
  d - a +0 pick-axe
  G - 3 uncursed tallow candles

IanCurtis the Wizard's attributes:

Background:
 You were a Conjurer, a level 4 male elven Wizard.
 You were chaotic, nominally on a mission for Anhur
 who was opposed by Ptah (lawful) and Thoth (neutral).
 You were right-handed.
 You were in the Dungeons of Doom, on level 2.
 You entered the dungeon 1325 turns ago.
 You had 118 experience points, 42 more were needed to attain level 5.

Basics:
 You had 0 out of 18 hit points.
 You had 37 out of 47 energy points (spell power).
 Your armor class was 8.
 Your wallet contained 14 zorkmids.
 Autopickup was off.

Final Characteristics:
 Your strength was 14 (limit:18).
 Your dexterity was 11 (limit:18).
 Your constitution was 11 (limit:16).
 Your intelligence was 17 (limit:20).
 Your wisdom was 13 (limit:20).
 Your charisma was 11 (limit:18).

Final Status:
 You weren't hungry.
 You were unencumbered.
 You were wielding a quarterstaff.
 You had basic skill with quarterstaff.

Final Attributes:
 You were devoutly aligned.
 You were magic-protected.
 You were sleep resistant.
 You had infravision.
 You were warded.
 You are dead.

Miscellaneous:
 You didn't encounter any bones levels.
 Total elapsed playing time was 7 minutes and 43 seconds.

Major events:
 Turn
    1: IanCurtis the chaotic male elven Wizard entered the dungeon
  707: entered the Gnomish Mines
 1048: attained the rank of Conjurer (level 3)
 1325: killed by a manes

Spells:
 Name                 Level Category     Fail Retention
 force bolt             1   attack         0%  91%-100%
 wizard lock            2   matter        64%  76%-100%

Skills:
 Fighting Skills
   bare handed combat [Unskilled]
   riding             [Unskilled]
 Weapon Skills
   dagger             [Unskilled]
   knife              [Unskilled]
   axe                [Unskilled]
   short sword        [Unskilled]
   club               [Unskilled]
   mace               [Unskilled]
   quarterstaff       [Basic]
   polearms           [Unskilled]
   spear              [Unskilled]
   trident            [Unskilled]
   sling              [Unskilled]
   dart               [Unskilled]
   shuriken           [Unskilled]
 Spellcasting Skills
   attack spells      [Basic]
   healing spells     [Unskilled]
   divination spells  [Unskilled]
   enchantment spells [Basic]
   clerical spells    [Unskilled]
   escape spells      [Unskilled]
   matter spells      [Unskilled]

Voluntary challenges:
 Character rerolling was not enabled.
 You followed a strict vegan diet.
 You were an atheist.
 You were illiterate.
 You never genocided any monsters.
 You never polymorphed an object.
 You never changed form.
 You used no wishes.
Achievements:
 You entered a shop.
 You entered the Gnomish Mines.
 You attained the rank of Conjurer.

 The Dungeons of Doom: levels 1 to 3
    Level 1:
    Level 2: <- You were here.
       A general store, a fountain.
       Final resting place for
          you, killed by a manes.
    Level 3:
       Stairs down to The Gnomish Mines.
 The Gnomish Mines:
    Level 4:


Vanquished creatures:
  2 gnome leaders
  a dwarf
 an iguana
 an acid blob
  2 manes
  7 gnomes
  a jackal
  a fox
  a goblin
  2 sewer rats
  2 grid bugs
  a kobold zombie
  2 newts
24 creatures vanquished.

No species were genocided or became extinct.

Game over:
                       ----------
                      /          \
                     /    REST    \
                    /      IN      \
                   /     PEACE      \
                  /                  \
                  |    IanCurtis     |
                  |      14 Au       |
                  |   killed by a    |
                  |      manes       |
                  |                  |
                  |                  |
                  |       2026       |
                 *|     *  *  *      | *
        _________)/\\_//(\/(/\)/\//\/|_)_______

Goodbye IanCurtis the Wizard...

You died in The Dungeons of Doom on dungeon level 2 with 635 points,
and 14 pieces of gold, after 1325 moves.
You were level 4 with a maximum of 18 hit points when you died.

